Workbook

Sheet Übersicht
B1: HAUSHALTSPLAN 2027
B2: Finanzübersicht
B3: Einnahmen, Ausgaben und Sparziel im Überblick · Zeitraum frei wählbar
B6: AUSWERTUNGSZEITRAUM | E6: Richtwert Sparquote: 15–20 %
B7: Gesamt
B9: EINNAHMEN | D9: AUSGABEN | F9: SPARBETRAG | H9: SPARQUOTE
B10: =IF($B$7="Gesamt",Jahresanalyse!$O$6,INDEX(Jahresanalyse!$C$6:$N$6,MATCH($B$7,Jahresanalyse!$C$5:$N$5,0))) -> 76470 | D10: =IF($B$7="Gesamt",Jahresanalyse!$O$9,INDEX(Jahresanalyse!$C$9:$N$9,MATCH($B$7,Jahresanalyse!$C$5:$N$5,0))) -> 46231 | F10: =IF($B$7="Gesamt",Jahresanalyse!$O$10,INDEX(Jahresanalyse!$C$10:$N$10,MATCH($B$7,Jahresanalyse!$C$5:$N$5,0))) -> 30239 | H10: =IF($B$7="Gesamt",Jahresanalyse!$O$11,INDEX(Jahresanalyse!$C$11:$N$11,MATCH($B$7,Jahresanalyse!$C$5:$N$5,0))) -> 0.39543612 | V10: Mittelverwendung
B11: =_xlfn.CONCAT("Ø ",TEXT(Jahresanalyse!$P$6,"#,##0")," €/Monat") -> Ø 6,373 €/Monat | D11: =_xlfn.CONCAT("Ø ",TEXT(Jahresanalyse!$P$9,"#,##0")," €/Monat") -> Ø 3,853 €/Monat | F11: =_xlfn.CONCAT("Ø ",TEXT(Jahresanalyse!$P$10,"#,##0")," €/Monat") -> Ø 2,520 €/Monat | H11: Ziel 15–20 % | V11: Fixkosten | W11: =Jahresanalyse!$O$7 -> 29046
V12: Variable Kosten | W12: =Jahresanalyse!$O$8 -> 17185
B13: BUDGET-REGEL 50 / 30 / 20 | V13: Sparbetrag | W13: =Jahresanalyse!$O$10 -> 30239
B14: Bereich | C14: Richtwert | D14: Ziel | E14: Ist | F14: Differenz | G14: Auslastung
B15: Grundbedarf | C15: 0.5 | D15: =0.5*IF($B$7="Gesamt",Jahresanalyse!$O$6,INDEX(Jahresanalyse!$C$6:$N$6,MATCH($B$7,Jahresanalyse!$C$5:$N$5,0))) -> 38235 | E15: =IF($B$7="Gesamt",Jahresanalyse!$O$7,INDEX(Jahresanalyse!$C$7:$N$7,MATCH($B$7,Jahresanalyse!$C$5:$N$5,0))) -> 29046 | F15: =D15-E15 -> 9189 | G15: =IFERROR(REPT("▬",MIN(ROUND(E15/D15*13,0),26)),"") -> ▬▬▬▬▬▬▬▬▬▬
B16: Wünsche | C16: 0.3 | D16: =0.3*IF($B$7="Gesamt",Jahresanalyse!$O$6,INDEX(Jahresanalyse!$C$6:$N$6,MATCH($B$7,Jahresanalyse!$C$5:$N$5,0))) -> 22941 | E16: =IF($B$7="Gesamt",Jahresanalyse!$O$8,INDEX(Jahresanalyse!$C$8:$N$8,MATCH($B$7,Jahresanalyse!$C$5:$N$5,0))) -> 17185 | F16: =D16-E16 -> 5756 | G16: =IFERROR(REPT("▬",MIN(ROUND(E16/D16*13,0),26)),"") -> ▬▬▬▬▬▬▬▬▬▬
B17: Sparen & Tilgen | C17: 0.2 | D17: =0.2*IF($B$7="Gesamt",Jahresanalyse!$O$6,INDEX(Jahresanalyse!$C$6:$N$6,MATCH($B$7,Jahresanalyse!$C$5:$N$5,0))) -> 15294 | E17: =IF($B$7="Gesamt",Jahresanalyse!$O$10,INDEX(Jahresanalyse!$C$10:$N$10,MATCH($B$7,Jahresanalyse!$C$5:$N$5,0))) -> 30239 | F17: =E17-D17 -> 14945 | G17: =IFERROR(REPT("▬",MIN(ROUND(E17/D17*13,0),26)),"") -> ▬▬▬▬▬▬▬▬▬▬▬▬▬▬▬▬▬▬▬▬▬▬▬▬▬▬
B19: AUSGABENSTRUKTUR · ANTEIL AN DEN GESAMTAUSGABEN
B20: Kategorie | D20: Gesamt | E20: Anteil | F20: Verlauf
B21: Wohnen (Miete / Rate) | D21: =Ausgaben!$P$7 -> 17760 | E21: =IFERROR(Ausgaben!$P$7/Ausgaben!$P$29,0) -> 0.38415782 | F21: =IFERROR(REPT("▬",ROUND(Ausgaben!$P$7/Ausgaben!$P$29*60,0)),"") -> ▬▬▬▬▬▬▬▬▬▬▬▬▬▬▬▬▬▬▬▬▬▬▬
B22: Energie & Wasser | D22: =Ausgaben!$P$8 -> 1980 | E22: =IFERROR(Ausgaben!$P$8/Ausgaben!$P$29,0) -> 0.042828405 | F22: =IFERROR(REPT("▬",ROUND(Ausgaben!$P$8/Ausgaben!$P$29*60,0)),"") -> ▬▬▬
B23: Mobilität | D23: =Ausgaben!$P$9 -> 2640 | E23: =IFERROR(Ausgaben!$P$9/Ausgaben!$P$29,0) -> 0.05710454 | F23: =IFERROR(REPT("▬",ROUND(Ausgaben!$P$9/Ausgaben!$P$29*60,0)),"") -> ▬▬▬
B24: Versicherungen & Vorsorge | D24: =Ausgaben!$P$10 -> 2880 | E24: =IFERROR(Ausgaben!$P$10/Ausgaben!$P$29,0) -> 0.062295862 | F24: =IFERROR(REPT("▬",ROUND(Ausgaben!$P$10/Ausgaben!$P$29*60,0)),"") -> ▬▬▬▬
B25: Telekommunikation | D25: =Ausgaben!$P$11 -> 720 | E25: =IFERROR(Ausgaben!$P$11/Ausgaben!$P$29,0) -> 0.015573966 | F25: =IFERROR(REPT("▬",ROUND(Ausgaben!$P$11/Ausgaben!$P$29*60,0)),"") -> ▬
B26: Abonnements | D26: =Ausgaben!$P$12 -> 690 | E26: =IFERROR(Ausgaben!$P$12/Ausgaben!$P$29,0) -> 0.01492505 | F26: =IFERROR(REPT("▬",ROUND(Ausgaben!$P$12/Ausgaben!$P$29*60,0)),"") -> ▬
B27: Rundfunkbeitrag | D27: =Ausgaben!$P$13 -> 216 | E27: =IFERROR(Ausgaben!$P$13/Ausgaben!$P$29,0) -> 0.0046721897 | F27: =IFERROR(REPT("▬",ROUND(Ausgaben!$P$13/Ausgaben!$P$29*60,0)),"")
B28: Kinderbetreuung | D28: =Ausgaben!$P$14 -> 2160 | E28: =IFERROR(Ausgaben!$P$14/Ausgaben!$P$29,0) -> 0.046721897 | F28: =IFERROR(REPT("▬",ROUND(Ausgaben!$P$14/Ausgaben!$P$29*60,0)),"") -> ▬▬▬
B29: Haushalt & Lebensmittel | D29: =Ausgaben!$P$18 -> 6795 | E29: =IFERROR(Ausgaben!$P$18/Ausgaben!$P$29,0) -> 0.1469793 | F29: =IFERROR(REPT("▬",ROUND(Ausgaben!$P$18/Ausgaben!$P$29*60,0)),"") -> ▬▬▬▬▬▬▬▬▬
B30: Auswärts essen | D30: =Ausgaben!$P$19 -> 2165 | E30: =IFERROR(Ausgaben!$P$19/Ausgaben!$P$29,0) -> 0.046830049 | F30: =IFERROR(REPT("▬",ROUND(Ausgaben!$P$19/Ausgaben!$P$29*60,0)),"") -> ▬▬▬ | V30: Gesamt
B31: Freizeit & Kultur | D31: =Ausgaben!$P$20 -> 1955 | E31: =IFERROR(Ausgaben!$P$20/Ausgaben!$P$29,0) -> 0.042287642 | F31: =IFERROR(REPT("▬",ROUND(Ausgaben!$P$20/Ausgaben!$P$29*60,0)),"") -> ▬▬▬ | V31: Januar
B32: Reisen | D32: =Ausgaben!$P$21 -> 2250 | E32: =IFERROR(Ausgaben!$P$21/Ausgaben!$P$29,0) -> 0.048668642 | F32: =IFERROR(REPT("▬",ROUND(Ausgaben!$P$21/Ausgaben!$P$29*60,0)),"") -> ▬▬▬ | V32: Februar
B33: Bekleidung | D33: =Ausgaben!$P$22 -> 930 | E33: =IFERROR(Ausgaben!$P$22/Ausgaben!$P$29,0) -> 0.020116372 | F33: =IFERROR(REPT("▬",ROUND(Ausgaben!$P$22/Ausgaben!$P$29*60,0)),"") -> ▬ | V33: März
B34: Gesundheit & Pflege | D34: =Ausgaben!$P$23 -> 785 | E34: =IFERROR(Ausgaben!$P$23/Ausgaben!$P$29,0) -> 0.016979949 | F34: =IFERROR(REPT("▬",ROUND(Ausgaben!$P$23/Ausgaben!$P$29*60,0)),"") -> ▬ | V34: April
B35: Bildung | D35: =Ausgaben!$P$24 -> 480 | E35: =IFERROR(Ausgaben!$P$24/Ausgaben!$P$29,0) -> 0.010382644 | F35: =IFERROR(REPT("▬",ROUND(Ausgaben!$P$24/Ausgaben!$P$29*60,0)),"") -> ▬ | V35: Mai
B36: Anschaffungen | D36: =Ausgaben!$P$25 -> 890 | E36: =IFERROR(Ausgaben!$P$25/Ausgaben!$P$29,0) -> 0.019251152 | F36: =IFERROR(REPT("▬",ROUND(Ausgaben!$P$25/Ausgaben!$P$29*60,0)),"") -> ▬ | V36: Juni
B37: Sonstiges | D37: =Ausgaben!$P$26 -> 935 | E37: =IFERROR(Ausgaben!$P$26/Ausgaben!$P$29,0) -> 0.020224525 | F37: =IFERROR(REPT("▬",ROUND(Ausgaben!$P$26/Ausgaben!$P$29*60,0)),"") -> ▬ | V37: Juli
B38: Gesamtausgaben | D38: =Ausgaben!$P$29 -> 46231 | E38: 1 | V38: August
V39: September
V40: Oktober
V41: November
V42: Dezember

Sheet Einnahmen
B1: HAUSHALTSPLAN 2027
B2: Einnahmen
B3: Monatliche Erfassung aller Einkünfte · Beträge in Euro · blaue Werte = Eingabe
B5: KATEGORIE | C5: Plan / Monat | D5: Jan | E5: Feb | F5: Mär | G5: Apr | H5: Mai | I5: Jun | J5: Jul | K5: Aug | L5: Sep | M5: Okt | N5: Nov | O5: Dez | P5: Gesamt 2027 | Q5: Ø / Monat
B6: Grundgehalt · Person A | C6: 3200 | D6: 3200 | E6: 3200 | F6: 3200 | G6: 3200 | H6: 3200 | I6: 3200 | J6: 3200 | K6: 3200 | L6: 3200 | M6: 3200 | N6: 3200 | O6: 3200 | P6: =SUM(D6:O6) -> 38400 | Q6: =P6/12 -> 3200
B7: Grundgehalt · Person B | C7: 2450 | D7: 2450 | E7: 2450 | F7: 2450 | G7: 2450 | H7: 2450 | I7: 2450 | J7: 2450 | K7: 2450 | L7: 2450 | M7: 2450 | N7: 2450 | O7: 2450 | P7: =SUM(D7:O7) -> 29400 | Q7: =P7/12 -> 2450
B8: Bonus & Sonderzahlungen | I8: 1800 | O8: 2600 | P8: =SUM(D8:O8) -> 4400 | Q8: =P8/12 -> 366.66667
B9: Kapitaleinkünfte | F9: 180 | I9: 180 | L9: 180 | O9: 320 | P9: =SUM(D9:O9) -> 860 | Q9: =P9/12 -> 71.666667
B10: Kindergeld & Zuschüsse | C10: 255 | D10: 255 | E10: 255 | F10: 255 | G10: 255 | H10: 255 | I10: 255 | J10: 255 | K10: 255 | L10: 255 | M10: 255 | N10: 255 | O10: 255 | P10: =SUM(D10:O10) -> 3060 | Q10: =P10/12 -> 255
B11: Sonstige Einnahmen | E11: 120 | H11: 90 | L11: 140 | P11: =SUM(D11:O11) -> 350 | Q11: =P11/12 -> 29.166667
B12: SUMME EINNAHMEN | C12: =SUM(C6:C11) -> 5905 | D12: =SUM(D6:D11) -> 5905 | E12: =SUM(E6:E11) -> 6025 | F12: =SUM(F6:F11) -> 6085 | G12: =SUM(G6:G11) -> 5905 | H12: =SUM(H6:H11) -> 5995 | I12: =SUM(I6:I11) -> 7885 | J12: =SUM(J6:J11) -> 5905 | ... P12: =SUM(P6:P11) -> 76470 | Q12: =P12/12 -> 6372.5
B14: Jährliche Einkünfte (z. B. Steuererstattung) im jeweiligen Monat erfassen. Nullwerte erscheinen als »–«.

Sheet Ausgaben
B1: HAUSHALTSPLAN 2027
B2: Ausgaben
B3: Fixkosten und variable Kosten im Soll-Ist-Vergleich · »Abw.« = Budget − Ø-Ausgabe (positiv = Spielraum)
B5: KATEGORIE | C5: Budget / Mon. | D5: Jan | E5: Feb | F5: Mär | G5: Apr | H5: Mai | I5: Jun | J5: Jul | K5: Aug | L5: Sep | M5: Okt | N5: Nov | O5: Dez | P5: Gesamt 2027 | Q5: Ø / Mon. | R5: Abw. Ø
B6: FIXKOSTEN
B7: Wohnen (Miete / Rate) | C7: 1480 | D7: 1480 | E7: 1480 | F7: 1480 | G7: 1480 | H7: 1480 | I7: 1480 | J7: 1480 | K7: 1480 | L7: 1480 | M7: 1480 | N7: 1480 | O7: 1480 | P7: =SUM(D7:O7) -> 17760 | Q7: =P7/12 -> 1480 | R7: =C7-Q7 -> 0
B8: Energie & Wasser | C8: 170 | D8: 190 | E8: 185 | F8: 175 | G8: 160 | H8: 150 | I8: 140 | J8: 140 | K8: 140 | L8: 150 | M8: 170 | N8: 185 | O8: 195 | P8: =SUM(D8:O8) -> 1980 | Q8: =P8/12 -> 165 | R8: =C8-Q8 -> 5
B9: Mobilität | C9: 220 | D9: 220 | E9: 220 | F9: 220 | G9: 220 | H9: 220 | I9: 220 | J9: 220 | K9: 220 | L9: 220 | M9: 220 | N9: 220 | O9: 220 | P9: =SUM(D9:O9) -> 2640 | Q9: =P9/12 -> 220 | R9: =C9-Q9 -> 0
B10: Versicherungen & Vorsorge | C10: 240 | D10: 240 | E10: 240 | F10: 240 | G10: 240 | H10: 240 | I10: 240 | J10: 240 | K10: 240 | L10: 240 | M10: 240 | N10: 240 | O10: 240 | P10: =SUM(D10:O10) -> 2880 | Q10: =P10/12 -> 240 | R10: =C10-Q10 -> 0
B11: Telekommunikation | C11: 60 | D11: 60 | E11: 60 | F11: 60 | G11: 60 | H11: 60 | I11: 60 | J11: 60 | K11: 60 | L11: 60 | M11: 60 | N11: 60 | O11: 60 | P11: =SUM(D11:O11) -> 720 | Q11: =P11/12 -> 60 | R11: =C11-Q11 -> 0
B12: Abonnements | C12: 55 | D12: 55 | E12: 55 | F12: 55 | G12: 55 | H12: 70 | I12: 55 | J12: 55 | K12: 55 | L12: 55 | M12: 55 | N12: 55 | O12: 70 | P12: =SUM(D12:O12) -> 690 | Q12: =P12/12 -> 57.5 | R12: =C12-Q12 -> -2.5
B13: Rundfunkbeitrag | C13: 18 | D13: 18 | E13: 18 | F13: 18 | G13: 18 | H13: 18 | I13: 18 | J13: 18 | K13: 18 | L13: 18 | M13: 18 | N13: 18 | O13: 18 | P13: =SUM(D13:O13) -> 216 | Q13: =P13/12 -> 18 | R13: =C13-Q13 -> 0
B14: Kinderbetreuung | C14: 180 | D14: 180 | E14: 180 | F14: 180 | G14: 180 | H14: 180 | I14: 180 | J14: 180 | K14: 180 | L14: 180 | M14: 180 | N14: 180 | O14: 180 | P14: =SUM(D14:O14) -> 2160 | Q14: =P14/12 -> 180 | R14: =C14-Q14 -> 0
B15: Zwischensumme Fixkosten | C15: =SUM(C7:C14) -> 2423 | D15: =SUM(D7:D14) -> 2443 | E15: =SUM(E7:E14) -> 2438 | F15: =SUM(F7:F14) -> 2428 | G15: =SUM(G7:G14) -> 2413 | H15: =SUM(H7:H14) -> 2418 | I15: =SUM(I7:I14) -> 2393 | J15: =SUM(J7:J14) -> 2393 | ... P15: =SUM(P7:P14) -> 29046 | Q15: =P15/12 -> 2420.5 | R15: =C15-Q15 -> 2.5
B17: VARIABLE KOSTEN
B18: Haushalt & Lebensmittel | C18: 560 | D18: 560 | E18: 540 | F18: 580 | G18: 520 | H18: 550 | I18: 545 | J18: 600 | K18: 585 | L18: 540 | M18: 555 | N18: 580 | O18: 640 | P18: =SUM(D18:O18) -> 6795 | Q18: =P18/12 -> 566.25 | R18: =C18-Q18 -> -6.25
B19: Auswärts essen | C19: 170 | D19: 140 | E19: 160 | F19: 180 | G19: 150 | H19: 170 | I19: 200 | J19: 210 | K19: 230 | L19: 160 | M19: 150 | N19: 175 | O19: 240 | P19: =SUM(D19:O19) -> 2165 | Q19: =P19/12 -> 180.41667 | R19: =C19-Q19 -> -10.416667
B20: Freizeit & Kultur | C20: 150 | D20: 120 | E20: 150 | F20: 140 | G20: 160 | H20: 180 | I20: 170 | J20: 190 | K20: 185 | L20: 150 | M20: 140 | N20: 160 | O20: 210 | P20: =SUM(D20:O20) -> 1955 | Q20: =P20/12 -> 162.91667 | R20: =C20-Q20 -> -12.916667
B21: Reisen | C21: 230 | F21: 120 | I21: 480 | J21: 850 | K21: 620 | O21: 180 | P21: =SUM(D21:O21) -> 2250 | Q21: =P21/12 -> 187.5 | R21: =C21-Q21 -> 42.5
B22: Bekleidung | C22: 90 | E22: 90 | G22: 140 | H22: 70 | J22: 110 | L22: 170 | N22: 130 | O22: 220 | P22: =SUM(D22:O22) -> 930 | Q22: =P22/12 -> 77.5 | R22: =C22-Q22 -> 12.5
B23: Gesundheit & Pflege | C23: 65 | D23: 60 | E23: 45 | F23: 80 | G23: 55 | H23: 70 | I23: 50 | J23: 65 | K23: 90 | L23: 55 | M23: 60 | N23: 70 | O23: 85 | P23: =SUM(D23:O23) -> 785 | Q23: =P23/12 -> 65.416667 | R23: =C23-Q23 -> -0.41666667
B24: Bildung | C24: 40 | D24: 40 | E24: 40 | F24: 40 | G24: 40 | H24: 40 | I24: 40 | J24: 40 | K24: 40 | L24: 40 | M24: 40 | N24: 40 | O24: 40 | P24: =SUM(D24:O24) -> 480 | Q24: =P24/12 -> 40 | R24: =C24-Q24 -> 0
B25: Anschaffungen | C25: 90 | F25: 250 | H25: 180 | L25: 320 | O25: 140 | P25: =SUM(D25:O25) -> 890 | Q25: =P25/12 -> 74.166667 | R25: =C25-Q25 -> 15.833333
B26: Sonstiges | C26: 75 | D26: 70 | E26: 80 | F26: 60 | G26: 90 | H26: 65 | I26: 75 | J26: 80 | K26: 70 | L26: 85 | M26: 60 | N26: 90 | O26: 110 | P26: =SUM(D26:O26) -> 935 | Q26: =P26/12 -> 77.916667 | R26: =C26-Q26 -> -2.9166667
B27: Zwischensumme variable Kosten | C27: =SUM(C18:C26) -> 1470 | D27: =SUM(D18:D26) -> 990 | E27: =SUM(E18:E26) -> 1105 | F27: =SUM(F18:F26) -> 1450 | G27: =SUM(G18:G26) -> 1155 | H27: =SUM(H18:H26) -> 1325 | I27: =SUM(I18:I26) -> 1560 | J27: =SUM(J18:J26) -> 2145 | ... P27: =SUM(P18:P26) -> 17185 | Q27: =P27/12 -> 1432.0833 | R27: =C27-Q27 -> 37.916667
B29: GESAMTAUSGABEN | C29: =C15+C27 -> 3893 | D29: =D15+D27 -> 3433 | E29: =E15+E27 -> 3543 | F29: =F15+F27 -> 3878 | G29: =G15+G27 -> 3568 | H29: =H15+H27 -> 3743 | I29: =I15+I27 -> 3953 | J29: =J15+J27 -> 4538 | ... P29: =P15+P27 -> 46231 | Q29: =P29/12 -> 3852.5833 | R29: =C29-Q29 -> 40.416667

Sheet Jahresanalyse
B1: HAUSHALTSPLAN 2027
B2: Jahresanalyse
B3: Automatisch aus »Einnahmen« und »Ausgaben« berechnet – keine Eingabe erforderlich
B5: KENNZAHL | C5: Januar | D5: Februar | E5: März | F5: April | G5: Mai | H5: Juni | I5: Juli | J5: August | K5: September | L5: Oktober | M5: November | N5: Dezember | O5: Gesamt | P5: Ø / Monat
B6: Einnahmen | C6: =Einnahmen!D12 -> 5905 | D6: =Einnahmen!E12 -> 6025 | E6: =Einnahmen!F12 -> 6085 | F6: =Einnahmen!G12 -> 5905 | G6: =Einnahmen!H12 -> 5995 | H6: =Einnahmen!I12 -> 7885 | I6: =Einnahmen!J12 -> 5905 | J6: =Einnahmen!K12 -> 5905 | ... N6: =Einnahmen!O12 -> 8825 | O6: =SUM(C6:N6) -> 76470 | P6: =O6/12 -> 6372.5
B7: Fixkosten | C7: =Ausgaben!D15 -> 2443 | D7: =Ausgaben!E15 -> 2438 | E7: =Ausgaben!F15 -> 2428 | F7: =Ausgaben!G15 -> 2413 | G7: =Ausgaben!H15 -> 2418 | H7: =Ausgaben!I15 -> 2393 | I7: =Ausgaben!J15 -> 2393 | J7: =Ausgaben!K15 -> 2393 | ... N7: =Ausgaben!O15 -> 2463 | O7: =SUM(C7:N7) -> 29046 | P7: =O7/12 -> 2420.5
B8: Variable Kosten | C8: =Ausgaben!D27 -> 990 | D8: =Ausgaben!E27 -> 1105 | E8: =Ausgaben!F27 -> 1450 | F8: =Ausgaben!G27 -> 1155 | G8: =Ausgaben!H27 -> 1325 | H8: =Ausgaben!I27 -> 1560 | I8: =Ausgaben!J27 -> 2145 | J8: =Ausgaben!K27 -> 1820 | ... N8: =Ausgaben!O27 -> 1865 | O8: =SUM(C8:N8) -> 17185 | P8: =O8/12 -> 1432.0833
B9: Gesamtausgaben | C9: =C7+C8 -> 3433 | D9: =D7+D8 -> 3543 | E9: =E7+E8 -> 3878 | F9: =F7+F8 -> 3568 | G9: =G7+G8 -> 3743 | H9: =H7+H8 -> 3953 | I9: =I7+I8 -> 4538 | J9: =J7+J8 -> 4213 | ... O9: =O7+O8 -> 46231 | P9: =O9/12 -> 3852.5833
B10: Sparbetrag (Saldo) | C10: =C6-C9 -> 2472 | D10: =D6-D9 -> 2482 | E10: =E6-E9 -> 2207 | F10: =F6-F9 -> 2337 | G10: =G6-G9 -> 2252 | H10: =H6-H9 -> 3932 | I10: =I6-I9 -> 1367 | J10: =J6-J9 -> 1692 | ... O10: =O6-O9 -> 30239 | P10: =O10/12 -> 2519.9167
B11: Sparquote | C11: =IFERROR(C10/C6,0) -> 0.41862828 | D11: =IFERROR(D10/D6,0) -> 0.41195021 | E11: =IFERROR(E10/E6,0) -> 0.36269515 | F11: =IFERROR(F10/F6,0) -> 0.3957663 | G11: =IFERROR(G10/G6,0) -> 0.37564637 | H11: =IFERROR(H10/H6,0) -> 0.49866836 | I11: =IFERROR(I10/I6,0) -> 0.23149873 | J11: =IFERROR(J10/J6,0) -> 0.28653683 | ... O11: =IFERROR(O10/O6,0) -> 0.39543612 | P11: =O11 -> 0.39543612
B13: Kumulierte Rücklage | C13: =C10 -> 2472 | D13: =C13+D10 -> 4954 | E13: =D13+E10 -> 7161 | F13: =E13+F10 -> 9498 | G13: =F13+G10 -> 11750 | H13: =G13+H10 -> 15682 | I13: =H13+I10 -> 17049 | J13: =I13+J10 -> 18741 | K13: =J13+K10 -> 21043 | ... N13: =M13+N10 -> 30239 | O13: =N13 -> 30239 | P13: –
B15: Die kumulierte Rücklage summiert das monatlich Ersparte über das Jahr – ein Blick auf den Vermögensaufbau.

Sheet Anleitung
B1: HAUSHALTSPLAN 2027
B2: Anleitung & Hinweise
B4: IN 5 SCHRITTEN STARTKLAR
B5: 1. Trage im Blatt »Einnahmen« deine monatlichen Einkünfte ein (blaue Werte).
B6: 2. Erfasse im Blatt »Ausgaben« je Kategorie zuerst das Budget, dann die tatsächlichen Monatsbeträge.
B7: 3. Das Blatt »Jahresanalyse« berechnet Saldo, Sparquote und Rücklage automatisch.
B8: 4. Wähle im Blatt »Übersicht« oben den Auswertungszeitraum (Monat oder Gesamtjahr).
B9: 5. Kontrolliere Budget-Regel 50/30/20 und Ausgabenstruktur und passe dein Budget an.
B11: FARBCODIERUNG
B12: Blaue Werte = Eingabefelder, die du anpasst.
B13: Schwarze Werte = Formeln; bitte nicht überschreiben.
B14: Messingfarbene Linien und Werte = Summen und Akzente.
... B29: Alle Beträge sind Beispielwerte eines fiktiven Zwei-Personen-Haushalts und dienen nur der Veranschaulichung.
